 Dungeon Sprint DCSS version 0.26-a0-651-gb41185065b (webtiles) character file.

Game seed: 16626374256785264519

4842320 mhtbhm the Axe Maniac (level 18, 149/180 HPs)
             Began as a Minotaur Fighter on Sept 30, 2020.
             Was the Champion of Trog.
             Escaped with the Orb
             ... and 3 runes!
             The game lasted 00:35:43 (12981 turns).

mhtbhm the Axe Maniac (Minotaur Fighter)           Turns: 12981, Time: 00:35:43

Health: 149/180    AC: 38    Str: 26    XL:     18   Next: 38%
Magic:  26/26      EV: 22    Int:  7    God:    Trog [******]
Gold:   2480       SH:  5    Dex: 11    Spells: 17/17 levels left

rFire    + + .     SeeInvis .   v - +8 frozen axe "Frostbite" {freezing cloud, *Noise +Fly rC+}
rCold    + + +     Faith    .   (shield currently unavailable)
rNeg     . . .     Spirit   .   b - +11 chain mail of the Distant Future {+Blink rF+ rCorr}
rPois    .         Reflect  +   (helmet unavailable)
rElec    .         Harm     .   f - scarf {repulsion}
rCorr    +         Rampage  .   d - +1 pair of gloves "Zuvva" {rC+ MP+9}
MR       +....     Rnd*Rage +   (no boots) Stlth ..........NoTele +
                                F - amulet "Soilyrirr" {Reflect rF+ rC+ Int+4 SH+5}
HPRegen  0.40/turn              i - +4 ring of slaying
MPRegen  0.20/turn              Y - +4 ring of protection

@: very slightly contaminated, studying Stealth, repel missiles
A: retaliatory headbutt, horns 3, icy blue scales 1, slimy green scales 1,
yellow scales 1, berserk 1[+1], blurry vision 3, deformed body, deterioration 2,
dopey 1, frail 1, sense surroundings 1, screaming 1[+2], weak 1
0: Orb of Zot
}: 3/10 runes: decaying, barnacled, silver
a: Berserk, Trog's Hand, Brothers in Arms, Renounce Religion, Evoke Blink, Evoke
Flight


You escaped.
You worshipped Trog.
Trog was exalted by your worship.
You visited 1 branch You collected 4870 gold pieces.
You spent 2390 gold pieces at shops.

Inventory:

Hand Weapons
 v - the +8 frozen axe "Frostbite" (weapon) {freezing cloud, *Noise +Fly rC+}
   (Trog gifted it to you in the Dungeon)

   It has been specially enchanted to freeze those struck by it, causing extra
   injury to most foes and up to half again as much damage against particularly
   susceptible opponents.
   It can also slow down cold-blooded creatures.
   It protects you from cold.
   It lets you fly.
   It may make noises in combat.
 B - a +5 broad axe of flaming
Missiles
 u - 14 silver javelins (quivered)
 w - 7 curare-tipped darts
Armour
 b - the +11 chain mail of the Distant Future (worn) {+Blink rF+ rCorr}
   (You found it in the Dungeon)

   It protects you from fire.
   It lets you blink.
   It provides partial protection from all sources of acid and corrosion.
 d - the +1 pair of gloves "Zuvva" (worn) {rC+ MP+9}
   (You bought it in a shop in the Dungeon)

   It protects you from cold.
   It affects your magic capacity (+9).
 f - a scarf of repulsion (worn)
Jewellery
 i - a +4 ring of slaying (left hand)
 s - an uncursed ring of protection from fire
 F - the amulet "Soilyrirr" (around neck) {Reflect rF+ rC+ Int+4 SH+5}
   (You found it in the Dungeon)

   [amulet of reflection]

   It shields you and reflects attacks.
   It affects your intelligence (+4).
   It protects you from fire.
   It protects you from cold.
   It affects your SH (+5).
 O - an uncursed ring of see invisible
 X - an uncursed ring of protection from cold
 Y - a +4 ring of protection (right hand)
Wands
 z - a wand of digging (8)
 R - a wand of disintegration (19)
Scrolls
 a - 9 scrolls of identify
 j - a scroll of blinking
 A - a scroll of immolation
 C - 2 scrolls of acquirement
 G - a scroll of magic mapping
 M - 6 scrolls of enchant armour
 S - 3 scrolls of silence
 Z - a scroll of amnesia {unknown}
Potions
 e - 3 potions of curing
 g - a potion of haste
 h - 2 potions of magic
 p - 2 potions of stabbing
 q - 6 potions of flight
 D - a potion of ambrosia
 E - a potion of invisibility
 P - a potion of degeneration {unknown}
Books
 V - a manual of Stealth
 W - a manual of Stealth
Miscellaneous
 c - a condenser vane (2/2)
 l - a phantom mirror
 m - a tin of tremorstones (3/3)
 y - a phial of floods
 Q - the horn of Geryon


   Skills:
 O Level 27 Fighting
 O Level 27 Axes
 + Level 18.7 Throwing
 O Level 27 Armour
 O Level 27 Dodging
 - Level 2.8 Stealth
   Level 15.8 Shields
 O Level 27 Evocations


You had 17 spell levels left.
You didn't know any spells.
Your spell library was empty.

Dungeon Overview and Level Annotations

Branches:
Dungeon (1/1)

Altars:
Cheibriados
Dithmenos
Elyvilon
Fedhas
Gozag
Hepliaklqana
Kikubaaqudgha
Makhleb
Nemelex Xobeh
Okawaru
Qazlal
Ru
Sif Muna
Trog
Uskayaw
Vehumet
Wu Jian
Xom
Yredelemnul
Zin
The Shining One
Beogh
Jiyva
Lugonu

Shops:
D }![*=!([}!}!}=?(![(:[*[


Innate Abilities, Weirdness & Mutations

You reflexively headbutt those who attack you in melee.
You have a pair of large horns on your head.
You are partially covered in icy blue scales. (AC +2)
You are partially covered in slimy green scales. (AC +2)
You are partially covered in yellow scales. (AC +2)
Scrolls take you much longer to read.
Armour fits poorly on your strangely shaped body.
Your body often deteriorates upon taking damage.
You are dopey. (Int -2)
You are frail. (-10% HP)
You passively map a small area around you.
You are weak. (Str -2)
[You often lose your temper in combat.]
[You frequently scream uncontrollably at your foes.]


Message History

Unknown command.
There is a fountain of clear blue water here.
There is an open door to the Ecumenical Temple here.
You enter the shallow water.
Moving in this stuff is going to be slow.
You feel yourself speed up. Why would you want to do that?
Unknown command.
You recover from your berserk rage.
A Brimstone Fiend comes into view.
There is an open door here.
The Brimstone Fiend moves out of view.
Okay, then.
Evoke which item? (* to show all) (? for menu, Esc to quit)
Press: ? - help, Shift-Dir - straight line A rock wall.
This square is covered in magical glow.
The rock shatters into small pieces.
There is a staircase leading out of the dungeon here.
You have escaped!

▓▓▓▓▓▓▓▓▓▓▓ ▓▓
▓@....'...♣♣ ♣.
▓..#..#1...♣ ♣.
▓#'####....♣♣ ♣♣.
▓.....#....≈♣♣♣♣..
▓.....#...≈≈♣.♣.♣.
▓.....#..≈≈≈≈♣♣.♣.
▓####'#..≈≈≈≈≈≈♣♣.
▓....[#.≈≈1≈≈≈....
▓.....#.≈≈≈≈≈.....


You could see a Brimstone Fiend.

Vanquished Creatures
  Tiamat (D)
  An orb of fire (D)
  Mara (D)
  An ancient lich (D)
  Boris (D)
  Frederick (D)
  A Killer Klown (D)
  A pandemonium lord (D)
  Geryon (D)
  Nikola (D)
  2 golden dragons (D)
  5 bone dragons (D)
  An iron giant (D)
  A lich (D)
  Rupert (D)
  A Hell Sentinel (D)
  2 Orb Guardians (D)
  3 deep elf blademasters (D)
  A quicksilver dragon (D)
  A deep elf master archer (D)
  2 titans (D)
  Gastronok (D)
  An ancient champion (D)
  2 sphinxes (D)
  An Executioner (D)
  Chuck (D)
  Polyphemus (D)
  2 storm dragons (D)
  Dowan (D)
  2 shadow dragons (D)
  Ilsuiw (D)
  Roxanne (D)
  4 azure jellies (D)
  3 draconian knights (D)
  2 frost giants (D)
  2 fire giants (D)
  2 draconian scorchers (D)
  An iron dragon (D)
  2 draconian shifters (D)
  2 draconian stormcallers (D)
  4 war gargoyles (D)
  3 stone giants (D)
  2 corrupters (D)
  4 deep elf demonologists (D)
  4 vampire knights (D)
  Nessos (D)
  A minotaur (shapeshifter) (D)
  Azrael (D)
  2 dire elephants (D)
  A yellow draconian (D)
  A deep elf death mage (D)
  A merfolk javelineer (D)
  A deep elf high priest (D)
  A fire dragon (D)
  A mummy priest (D)
  3 yaktaur captains (D)
  17 vault guards (D)
  3 hydras (D)
  2 hell beasts (D)
  Erolcha (D)
  An anaconda (shapeshifter) (D)
  2 centaur warriors (D)
  2 iron elementals (D)
  4 death yaks (D)
  4 dancing weapons (D)
  An ogre mage (D)
  Urug (D)
  A titan zombie (D)
  5 orc high priests (D)
  2 soul eaters (D)
  2 sun demons (D)
  An iron golem (D)
  A shadow wraith (D)
  A golden dragon zombie (D)
  An anaconda zombie (D)
  7 skeletal warriors (D)
  3 death drakes (D)
  A torturous demonspawn (D)
  2 obsidian statues (D)
  A glowing orange brain (D)
  A sea snake (D)
  A lindwurm (D)
  A spectral iron dragon (D)
  A spectral hydra (D)
  6 deep elf magi (D)
  2 ugly things (D)
  4 crystal guardians (D)
  2 oklob plants (D)
  An orc knight (D)
  A moth of wrath (D)
  A shining eye (D)
  2 elephants (D)
  3 rust devils (D)
  2 torpor snails (shapeshifter) (D)
  2 black mambas (D)
  5 statues (D)
  A molten gargoyle (D)
  Duvessa (D)
  2 cane toads (D)
  8 yaktaurs (D)
  A komodo dragon (D)
  3 guardian mummies (D)
  A queen bee (D)
  An anaconda simulacrum (D)
  2 ice devils (D)
  A large abomination (D)
  4 spriggan defenders (D)
  2 tyrant leeches (D)
  11 slime creatures (D)
  8 blink frogs (D)
  3 hornets (D)
  A snapping turtle (shapeshifter) (D)
  3 dream sheep (D)
  A hippogriff (shapeshifter) (D)
  5 redbacks (D)
  A shadow (D)
  A spriggan (D)
  A golden eye (D)
  A spatial vortex (D)
  3 iron troll simulacra (D)
  2 floating eyes (D)
  A swamp drake (D)
  A hydra simulacrum (D)
  2 orc warriors (D)
  A necrophage (D)
  A fire dragon simulacrum (D)
  4 swamp dragon skeletons (D)
  5 two-headed ogres (D)
  A water elemental (D)
  32 killer bees (D)
  3 electric eels (D)
  A jelly (D)
  3 orc priests (D)
  A wizard (D)
  Jessica (D)
  An orc wizard (D)
  4 necromancers (D)
  2 polar bear simulacra (D)
  A kobold demonologist (D)
  3 humans (D)
  3 wandering mushrooms (D)
  An ooze (D)
  A phantom (D)
  8 orcs (D)
  A bat zombie (D)
  A bat simulacrum (D)
  2 rats (D)
  8 bushes (D)
  11 butterflies (D)
  16 plants (D)
382 creatures vanquished.

Vanquished Creatures (collateral kills)
  An orc knight (D)
  An orc warrior (D)
  An orc (D)
3 creatures vanquished.

Vanquished Creatures (others)
  A spriggan druid (D)
  A rime drake (D)
  2 hellions (D)
  6 yaktaurs (D)
  A spriggan (D)
  4 ball lightnings (D)
  4 ballistomycete spores (D)
  36 plants (D)
55 creatures vanquished.

Grand Total: 440 creatures vanquished

Notes
Turn   | Place    | Note
-------+----------+-------------------------------------------
     0 | D        | mhtbhm the Minotaur Fighter began the quest for the Orb.
     0 | D        | Reached XP level 1. HP: 19/19 MP: 0/0
    53 | D        | Noticed Jessica
    57 | D        | Killed Jessica
    57 | D        | Reached skill level 5 in Fighting
    57 | D        | Reached skill level 5 in Armour
    57 | D        | Reached skill level 5 in Shields
    57 | D        | Reached XP level 2. HP: 29/29 MP: 1/1
    57 | D        | Reached XP level 3. HP: 36/36 MP: 2/2
   165 | D        | Gained mutation: You are partially covered in rugged brown
                  | scales. (AC +1, +3% HP) [potion of mutation]
   165 | D        | Gained mutation: You are frail. (-10% HP) [potion of
                  | mutation]
   165 | D        | Gained mutation: Your muscles are strong. (Str +2) [potion
                  | of mutation]
   178 | D        | Lost mutation: You are frail. (-10% HP) [potion of
                  | mutation]
   178 | D        | Lost mutation: Your muscles are strong. (Str +2) [potion of
                  | mutation]
   178 | D        | Gained mutation: You are somewhat resistant to further
                  | mutation. [potion of mutation]
   179 | D        | Lost mutation: You are somewhat resistant to further
                  | mutation. [potion of mutation]
   179 | D        | Lost mutation: You are partially covered in rugged brown
                  | scales. (AC +1, +3% HP) [potion of mutation]
   179 | D        | Gained mutation: You have a pair of large horns on your
                  | head. [potion of mutation]
   179 | D        | Gained mutation: You are partially covered in icy blue
                  | scales. (AC +2) [potion of mutation]
   179 | D        | Gained mutation: You are robust. (+10% HP) [potion of
                  | mutation]
   182 | D        | Noticed a water elemental
   189 | D        | Killed a water elemental
   189 | D        | Reached skill level 5 in Axes
   189 | D        | Reached XP level 4. HP: 30/49 MP: 3/3
   312 | D        | Found a hide-covered altar of Uskayaw.
   312 | D        | Found a roughly hewn altar of Beogh.
   312 | D        | Found an iron altar of Okawaru.
   312 | D        | Found a bloodstained altar of Trog.
   312 | D        | Found an ornate altar of the Wu Jian Council.
   312 | D        | Noticed a human
   313 | D        | Noticed a human
   324 | D        | Killed a human
   324 | D        | Reached skill level 1 in Dodging
   324 | D        | Reached XP level 5. HP: 25/58 MP: 4/4
   325 | D        | Killed a human
   325 | D        | Reached XP level 6. HP: 27/69 MP: 5/5
   337 | D        | Became a worshipper of Trog the Wrathful
   561 | D        | Found a basalt altar of Yredelemnul.
   561 | D        | Found a shadowy altar of Dithmenos.
   561 | D        | Found a sacrificial altar of Ru.
   574 | D        | Reached * piety under Trog
   613 | D        | Found a glowing silver altar of Zin.
   613 | D        | Found a glowing golden altar of the Shining One.
   613 | D        | Found a white marble altar of Elyvilon.
   614 | D        | Noticed a deep elf mage
   623 | D        | Noticed a fire elemental
   624 | D        | Killed a deep elf mage
   624 | D        | Reached skill level 10 in Fighting
   624 | D        | Reached skill level 10 in Armour
   624 | D        | Reached skill level 1 in Stealth
   624 | D        | Reached skill level 10 in Shields
   624 | D        | Reached XP level 7. HP: 51/80 MP: 6/6
   749 | D        | Found a radiant altar of Vehumet.
   749 | D        | Found a shimmering blue altar of Sif Muna.
   749 | D        | Found an ancient bone altar of Kikubaaqudgha.
   750 | D        | Reached ** piety under Trog
   752 | D        | Noticed a sun demon
   753 | D        | Noticed a chaos spawn
   754 | D        | Noticed a sixfirhy
   805 | D        | Noticed a shadow
   809 | D        | Killed a shadow
   809 | D        | Reached XP level 8. HP: 87/90 MP: 7/7
   810 | D        | Reached *** piety under Trog
   834 | D        | Found a blossoming altar of Fedhas.
   834 | D        | Found a stormy altar of Qazlal.
   834 | D        | Found a snail-covered altar of Cheibriados.
   834 | D        | Found a burning altar of Makhleb.
   834 | D        | Found a shimmering altar of Xom.
   835 | D        | Found a hazy altar of Hepliaklqana.
   835 | D        | Found an opulent altar of Gozag.
   835 | D        | Found a sparkling altar of Nemelex Xobeh.
   835 | D        | Found a corrupted altar of Lugonu.
   835 | D        | Found a viscous altar of Jiyva.
   875 | D        | Killed a hellion
   876 | D        | Killed a hellion
   962 | D        | Reached **** piety under Trog
  1007 | D        | Noticed a two-headed ogre
  1020 | D        | Killed a two-headed ogre
  1228 | D        | Noticed a two-headed ogre
  1228 | D        | Noticed Erolcha
  1231 | D        | Killed Erolcha
  1231 | D        | Reached XP level 9. HP: 100/100 MP: 8/8
  1234 | D        | Killed a two-headed ogre
  1237 | D        | Reached ***** piety under Trog
  1242 | D        | Reached skill level 15 in Axes
  1285 | D        | Noticed a wandering mushroom
  1289 | D        | Noticed a wandering mushroom
  1291 | D        | Noticed a wandering mushroom
  1551 | D        | Noticed a cane toad
  1551 | D        | Noticed a komodo dragon
  1551 | D        | Noticed a cane toad
  1556 | D        | Killed a cane toad
  1556 | D        | Received a gift from Trog
  1565 | D        | Killed a komodo dragon
  1570 | D        | Killed a cane toad
  1570 | D        | Reached XP level 10. HP: 111/111 MP: 9/9
  1765 | D        | Reached skill level 5 in Dodging
  1778 | D        | Reached ****** piety under Trog
  1862 | D        | Received a gift from Trog
  1953 | D        | Noticed a lindwurm
  1959 | D        | Killed a lindwurm
  2042 | D        | Noticed Urug
  2049 | D        | Killed Urug
  2159 | D        | Noticed an orc knight
  2159 | D        | Noticed an orc high priest
  2160 | D        | Noticed an orc high priest
  2162 | D        | Received a gift from Trog
  2163 | D        | Found Kocegopp's Assorted Antiques.
  2164 | D        | Noticed a sixfirhy
  2164 | D        | Noticed a soul eater
  2167 | D        | Killed an orc knight
  2167 | D        | Reached XP level 11. HP: 122/122 MP: 10/10
  2175 | D        | Killed an orc high priest
  2175 | D        | Reached skill level 15 in Fighting
  2175 | D        | Received a gift from Trog
  2180 | D        | Killed an orc high priest
  2182 | D        | Received a gift from Trog
  2183 | D        | Found the +8 frozen axe "Frostbite" {freezing cloud, *Noise
                  | +Fly rC+}
  2199 | D        | Got a polished hand axe {god gift}
  2200 | D        | Identified the +4 hand axe of Due Proportion {vorpal,
                  | *Corrode rElec rF+ Dex+2} (Trog gifted it to you in the
                  | Dungeon)
  2337 | D        | Noticed a deep elf mage
  2337 | D        | Noticed a deep elf mage
  2337 | D        | Noticed a deep elf mage
  2337 | D        | Noticed a deep elf mage
  2337 | D        | Noticed a deep elf mage
  2349 | D        | Killed a deep elf mage
  2356 | D        | Killed a deep elf mage
  2359 | D        | Noticed a deep elf demonologist
  2364 | D        | Killed a deep elf mage
  2366 | D        | Killed a deep elf mage
  2472 | D        | Received a gift from Trog
  2494 | D        | Received a gift from Trog
  2511 | D        | Received a gift from Trog
  2522 | D        | Received a gift from Trog
  2600 | D        | Noticed Dowan
  2600 | D        | Noticed Duvessa
  2608 | D        | Killed Dowan
  2608 | D        | Reached skill level 15 in Shields
  2615 | D        | Killed Duvessa
  2615 | D        | Received a gift from Trog
  2685 | D        | Noticed a soul eater
  2693 | D        | Noticed a soul eater
  2948 | D        | Noticed an obsidian statue
  2964 | D        | Killed an obsidian statue
  2974 | D        | Found Mady's Distillery.
  2974 | D        | Found Limaq's Antique Weapon Shop.
  2974 | D        | Found Teicli Murch's Antique Armour Shoppe.
  2974 | D        | Found Bupim's Armour Emporium.
  2974 | D        | Found Caxoss's Assorted Antiques.
  2974 | D        | Found Yckaikul's Armour Emporium.
  2974 | D        | Found Yfif's Book Boutique.
  2975 | D        | Found Ilorgh's Antique Weapon Boutique.
  2975 | D        | Found Soub's Magic Scroll Shoppe.
  2975 | D        | Found Rottydgh's Jewellery Shop.
  2975 | D        | Found Uboq Cef's Gadget Emporium.
  3011 | D        | Bought the +1 pair of gloves "Zuvva" {rC+ MP+9} for 508
                  | gold pieces
  3015 | D        | Bought a scroll of blinking for 82 gold pieces
  3015 | D        | Bought a scroll of magic mapping for 38 gold pieces
  3034 | D        | Bought a scarf of repulsion for 144 gold pieces
  3057 | D        | Bought a +4 ring of slaying for 858 gold pieces
  3105 | D        | Noticed a crystal guardian
  3105 | D        | Noticed a crystal guardian
  3105 | D        | Noticed a crystal guardian
  3105 | D        | Noticed a crystal guardian
  3109 | D        | Killed a crystal guardian
  3109 | D        | Reached XP level 12. HP: 137/137 MP: 11/11
  3127 | D        | Received a gift from Trog
  3327 | D        | Reached skill level 1 in Evocations
  3419 | D        | Noticed a centaur warrior
  3423 | D        | Killed a centaur warrior
  3465 | D        | Noticed a fire dragon
  3471 | D        | Killed a fire dragon
  3525 | D        | Received a gift from Trog
  3535 | D        | Reached skill level 15 in Armour
  3653 | D        | Noticed a yaktaur captain
  3664 | D        | Killed a yaktaur captain
  3759 | D        | Noticed Chuck
  3761 | D        | Found the +7 Singing Sword {vorpal, sonic wave}
  3769 | D        | Killed Chuck
  3836 | D        | Received a gift from Trog
  4102 | D        | Noticed a vampire knight
  4110 | D        | Killed a vampire knight
  4110 | D        | Reached XP level 13. HP: 96/151 MP: 12/12
  4115 | D        | Received a gift from Trog
  4408 | D        | Noticed a bone dragon
  4414 | D        | Killed a bone dragon
  4422 | D        | Noticed a bone dragon
  4428 | D        | Killed a bone dragon
  4577 | D        | Noticed a bone dragon
  4585 | D        | Killed a bone dragon
  4616 | D        | Noticed a bone dragon
  4624 | D        | Killed a bone dragon
  4796 | D        | Noticed a bone dragon
  4802 | D        | Killed a bone dragon
  4905 | D        | Received a gift from Trog
  4912 | D        | Noticed a vampire knight
  4918 | D        | Killed a vampire knight
  5528 | D        | Noticed Azrael
  5531 | D        | Killed Azrael
  5531 | D        | Reached XP level 14. HP: 160/167 MP: 13/13
  5628 | D        | Noticed Gastronok
  5646 | D        | Killed Gastronok
  5646 | D        | Received a gift from Trog
  5668 | D        | Noticed an azure jelly
  5668 | D        | Noticed an azure jelly
  5668 | D        | Noticed an azure jelly
  5669 | D        | Noticed an azure jelly
  5672 | D        | Noticed Rupert
  5673 | D        | Paralysed by Rupert for 7 turns
  5683 | D        | Killed Rupert
  5683 | D        | Reached skill level 27 in Axes
  5683 | D        | Reached skill level 10 in Dodging
  5836 | D        | Received a gift from Trog
  5973 | D        | Killed an azure jelly
  5975 | D        | Killed an azure jelly
  5978 | D        | Killed an azure jelly
  5978 | D        | Received a gift from Trog
  5981 | D        | Killed an azure jelly
  6071 | D        | Noticed Polyphemus
  6084 | D        | Killed Polyphemus
  6084 | D        | Reached skill level 5 in Evocations
  6091 | D        | Noticed Ilsuiw
  6101 | D        | Killed Ilsuiw
  6101 | D        | Received a gift from Trog
  6114 | D        | Got a barnacled rune of Zot
  6118 | D        | Found Kitwiw's Antique Armour Emporium.
  6118 | D        | Found Hepah's Distillery.
  6118 | D        | Found Recee's Gadget Shoppe.
  6273 | D        | Bought a potion of haste for 100 gold pieces
  6410 | D        | Received a gift from Trog
  6412 | D        | Got a slimy silver amulet
  6417 | D        | Got an ichor-stained hand axe
  6532 | D        | Found a blossoming altar of Fedhas.
  6683 | D        | Found Nitucoic's Jewellery Emporium.
  6683 | D        | Found Dynufepn's Distillery.
  6693 | D        | Received a gift from Trog
  6877 | D        | Found Jeich's Antique Weapon Shoppe.
  7216 | D        | Got a decaying rune of Zot
  7707 | D        | Identified the +9 rapier "Voakuet" {freeze, rElec rN+ Int-3
                  | Dex+4}
  7708 | D        | Identified the +10 scimitar of Shame {drain, rC++ rN+}
  7723 | D        | Noticed a Brimstone Fiend
  7730 | D        | Noticed a Brimstone Fiend
  7730 | D        | Noticed a cacodemon
  8195 | D        | Received a gift from Trog
  8210 | D        | Got a bone broad axe {god gift}
  8298 | D        | Noticed Boris
  8310 | D        | Killed Boris
  8310 | D        | Reached skill level 1 in Throwing
  8310 | D        | Reached XP level 15. HP: 186/186 MP: 14/14
  8315 | D        | Received a gift from Trog
  8461 | D        | Found Siczuera's Gadget Emporium.
  8461 | D        | Found Naasiblo's Gadget Shop.
  8461 | D        | Found Innus's Distillery.
  8461 | D        | Found Puehun's Distillery.
  8465 | D        | Reached skill level 27 in Fighting
  8508 | D        | Noticed Roxanne
  8516 | D        | Killed Roxanne
  8516 | D        | Received a gift from Trog
  8539 | D        | Received a gift from Trog
  8670 | D        | Noticed Geryon
  8683 | D        | Killed Geryon
  8683 | D        | Received a gift from Trog
  8744 | D        | Identified the amulet "Soilyrirr" {Reflect rF+ rC+ Int+4
                  | SH+5} (You found it in the Dungeon)
  8753 | D        | Noticed an iron giant
  8761 | D        | Killed an iron giant
  8761 | D        | Received a gift from Trog
  8930 | D        | Noticed an iron dragon
  8943 | D        | Killed an iron dragon
  8943 | D        | Received a gift from Trog
  9056 | D        | Found the +2 ratskin cloak {*Rats rPois rN+ Str-1 Int-1
                  | Dex+1}
  9056 | D        | Noticed a Hell Sentinel
  9062 | D        | Killed a Hell Sentinel
  9062 | D        | Reached skill level 15 in Dodging
  9204 | D        | Noticed a green draconian knight
  9204 | D        | Noticed a purple draconian knight
  9204 | D        | Noticed a black draconian knight
  9208 | D        | Killed a green draconian knight
  9213 | D        | Killed a purple draconian knight
  9213 | D        | Received a gift from Trog
  9215 | D        | Killed a black draconian knight
  9313 | D        | Noticed an Executioner
  9317 | D        | Killed an Executioner
  9361 | D        | Noticed Nessos
  9372 | D        | Reached XP level 16. HP: 176/197 MP: 15/15
  9372 | D        | Killed Nessos
  9404 | D        | Found Faininat's Armour Boutique.
  9432 | D        | Received a gift from Trog
  9439 | D        | Reached skill level 27 in Armour
  9638 | D        | Noticed Frederick
  9641 | D        | Reached skill level 10 in Evocations
  9653 | D        | Killed Frederick
  9711 | D        | Noticed a lich
  9717 | D        | Killed a lich
  9717 | D        | Reached skill level 5 in Throwing
  9729 | D        | Noticed a shadow dragon
  9735 | D        | Noticed a shadow dragon
  9743 | D        | Killed a shadow dragon
  9743 | D        | Received a gift from Trog
  9746 | D        | Killed a shadow dragon
 10060 | D        | Noticed a sphinx
 10060 | D        | Noticed a sphinx
 10065 | D        | Killed a sphinx
 10069 | D        | Killed a sphinx
 10252 | D        | Noticed a deep elf master archer
 10253 | D        | Identified the +11 quarterstaff "Keomajas" {speed, rPois
                  | rC+ rN+ Int+3}
 10257 | D        | Killed a deep elf master archer
 10262 | D        | Found the +0 sword of Power
 10267 | D        | Received a gift from Trog
 10294 | D        | Identified the Guide on the Volcanoes and Poisoning
 10508 | D        | Bought a condenser vane (2/2) for 220 gold pieces
 10508 | D        | Bought a tin of tremorstones (3/3) for 440 gold pieces
 10665 | D        | Noticed a titan
 10665 | D        | Noticed a quicksilver dragon
 10665 | D        | Noticed a golden dragon
 10665 | D        | Noticed a titan
 10668 | D        | Noticed a golden dragon
 10668 | D        | Reached skill level 15 in Evocations
 10669 | D        | Received a gift from Trog
 10669 | D        | Killed a titan
 10670 | D        | Received a gift from Trog
 10671 | D        | Killed a quicksilver dragon
 10671 | D        | Received a gift from Trog
 10673 | D        | Killed a titan
 10673 | D        | Reached XP level 17. HP: 175/206 MP: 16/16
 10673 | D        | Received a gift from Trog
 10676 | D        | Killed a golden dragon
 10676 | D        | Killed a golden dragon
 10710 | D        | Got a silver rune of Zot
 10722 | D        | Identified the Almanac of Ensnaring Stones
 10731 | D        | Identified the Disquisition on Igneous Moulding
 10745 | D        | Got a pitted chain mail
 10751 | D        | Identified the +11 chain mail of the Distant Future {+Blink
                  | rF+ rCorr} (You found it in the Dungeon)
 10812 | D        | Identified the +1 broad axe of Trog's Fury {antimagic,
                  | Str+3} (Trog gifted it to you in the Dungeon)
 11090 | D        | Noticed Mara
 11099 | D        | Received a gift from Trog
 11110 | D        | Killed Mara
 11166 | D        | Received a gift from Trog
 11168 | D        | Got a warped broad axe
 11168 | D        | Got a sapphire-encrusted plate armour
 11216 | D        | Identified the +1 broad axe of Honour {vorpal, MR+} (You
                  | found it in the Dungeon)
 11229 | D        | Identified the cursed +1 plate armour of Happiness {*Slow
                  | rPois rC+ rN++} (You found it in the Dungeon)
 11287 | D        | Noticed Nikola
 11597 | D        | Received a gift from Trog
 11600 | D        | Killed Nikola
 11758 | D        | Paralysed by a floating eye for 4 turns
 11762 | D        | Received a gift from Trog
 11781 | D        | Noticed a deep elf blademaster
 11781 | D        | Noticed a deep elf blademaster
 11782 | D        | Noticed a deep elf blademaster
 11789 | D        | Killed a deep elf blademaster
 11792 | D        | Killed a deep elf blademaster
 11792 | D        | Reached skill level 10 in Throwing
 11794 | D        | Killed a deep elf blademaster
 11866 | D        | Noticed a Killer Klown
 11881 | D        | Killed a Killer Klown
 11939 | D        | Noticed an Orb Guardian
 11939 | D        | Noticed an Orb Guardian
 11944 | D        | Killed an Orb Guardian
 11944 | D        | Received a gift from Trog
 11950 | D        | Killed an Orb Guardian
 12221 | D        | Noticed an ancient lich
 12231 | D        | Killed an ancient lich
 12231 | D        | Received a gift from Trog
 12231 | D        | Reached skill level 27 in Dodging
 12481 | D        | Reached XP level 18. HP: 220/220 MP: 17/17
 12489 | D        | Received a gift from Trog
 12563 | D        | Identified the +4 dragonskin cloak
 12563 | D        | Noticed Tiamat
 12585 | D        | Killed Tiamat
 12585 | D        | Reached skill level 27 in Evocations
 12665 | D        | Noticed an orb of fire
 12681 | D        | Gained mutation: You are partially covered in yellow
                  | scales. (AC +2) [an orb of fire]
 12686 | D        | Killed an orb of fire
 12687 | D        | Noticed an Orb Guardian
 12687 | D        | Paralysed by a floating eye for 3 turns
 12688 | D        | Noticed an Orb Guardian
 12688 | D        | Noticed an Orb Guardian
 12696 | D        | Noticed an Orb Guardian
 12698 | D        | Noticed an Orb Guardian
 12710 | D        | Lost mutation: You are robust. (+10% HP) [a shining eye]
 12711 | D        | Noticed an Orb Guardian
 12711 | D        | Gained mutation: You are frail. (-10% HP) [mutagenic glow]
 12712 | D        | Noticed an Orb Guardian
 12715 | D        | Paralysed by a floating eye for 2 turns
 12722 | D        | Gained mutation: Scrolls take you a little longer to read.
                  | [mutagenic glow]
 12736 | D        | Gained mutation: Scrolls take you longer to read.
                  | [mutagenic glow]
 12740 | D        | Got the Orb of Zot
 12745 | D        | Gained mutation: You are weak. (Str -2) [mutagenic glow]
 12755 | D        | Gained mutation: Armour fits poorly on your strangely
                  | shaped body. [mutagenic glow]
 12767 | D        | Gained mutation: Your body sometimes deteriorates upon
                  | taking damage. [mutagenic glow]
 12781 | D        | Gained mutation: Your body often deteriorates upon taking
                  | damage. [mutagenic glow]
 12784 | D        | Noticed Tepsecab the pandemonium lord
 12790 | D        | Killed Tepsecab the pandemonium lord
 12797 | D        | Gained mutation: You passively map a small area around you.
                  | [mutagenic glow]
 12813 | D        | Gained mutation: You are partially covered in slimy green
                  | scales. (AC +2) [mutagenic glow]
 12827 | D        | Gained mutation: You are very frail. (-20% HP) [mutagenic
                  | glow]
 12835 | D        | Gained mutation: [You occasionally shout uncontrollably at
                  | your foes.] [mutagenic glow]
 12847 | D        | Gained mutation: Scrolls take you much longer to read.
                  | [mutagenic glow]
 12858 | D        | Gained mutation: [You tend to lose your temper in combat.]
                  | [mutagenic glow]
 12873 | D        | Lost mutation: You are very frail. (-20% HP) [mutagenic
                  | glow]
 12905 | D        | Gained mutation: You are dopey. (Int -2) [mutagenic glow]
 12930 | D        | Received a gift from Trog
 12974 | D        | Noticed a Brimstone Fiend
 12981 | D        | Escaped with the Orb!

Illustrated notes

Levels and vault maps discovered:
D:        dungeon_sprint_mu [sprint_mu_entry_forest, sprint_mu_temple_rooms,
          sprint_mu_d1_spiders, sprint_mu_d2_genie, sprint_mu_d3_branching,
          sprint_mu_orc_legion, sprint_mu_elf_gauntlet, sprint_mu_hive_nellie,
          sprint_mu_lair_fedhas, sprint_mu_vaults_butterflies,
          sprint_mu_slime_circle, sprint_mu_swamp_cave, sprint_mu_shoals_archi,
          sprint_mu_blade_basic, sprint_mu_crypt_chambers,
          sprint_mu_tomb_spiral, sprint_mu_vestibule_basic,
          sprint_mu_gehenna_hellfire, sprint_mu_dis_giant,
          sprint_mu_tartarus_statrot, sprint_mu_cocytus_islands, sprint_mu_zot1]

Skill      XL: |  1  2  3  4  5  6  7  8  9 10 11 12 13 14 15 16 17 18 |
---------------+-------------------------------------------------------+-----
Fighting       | 5 6 8 9 10 11 12 13 14 17 19 21 26 27 | 27.0
Armour         | 5 6 8 9 10 11 12 13 16 17 20 26 27 | 27.0
Shields        | 5 6 8 10 11 12 13 15 | 15.8
Axes           | 3 5 7 8 11 14 16 18 20 23 26 27 | 27.0
Dodging        | 1 2 3 4 6 7 8 9 11 15 23 27 | 27.0
Stealth        | 1 2 |  2.8
Evocations     | 2 3 6 9 19 25 27 | 27.0
Throwing       | 1 3 8 11 18 | 18.7

Action                   |  1- 3 |  4- 6 |  7- 9 | 10-12 | 13-15 | 16-18 || total
-------------------------+-------+-------+-------+-------+-------+-------++-------
Melee: War axe           |    24 |    29 |    86 |       |       |       ||   139
       Headbutt          |     2 |     3 |    23 |    60 |    81 |    66 ||   235
       Broad axe         |       |       |       |    69 |    11 |       ||    80
       Hand axe          |       |       |       |   143 |       |       ||   143
       Executioner's axe |       |       |       |    71 |   295 |   279 ||   645
Throw: Javelin           |       |       |       |       |     1 |     3 ||     4
Invok: Berserk           |       |       |     4 |    13 |    11 |    15 ||    43
       Brothers in Arms  |       |       |       |     2 |       |     1 ||     3
 Abil: Evoke Flight      |       |       |       |     1 |     4 |     7 ||    12
Evoke: Wand              |       |       |       |     1 |       |     5 ||     6
       Phantom mirror    |       |       |       |     1 |       |       ||     1
       Tin of tremorston |       |       |       |       |       |    12 ||    12
       Condenser vane    |       |       |       |       |       |     1 ||     1
  Use: Potion            |     3 |     1 |     1 |     2 |     2 |     2 ||    11
       Scroll            |       |       |       |     1 |     5 |    11 ||    17
 Stab: Invisible         |       |       |       |       |     3 |       ||     3
       Distracted        |       |       |       |       |     1 |     1 ||     2
Armor: Scale mail        |     7 |     5 |    13 |    15 |       |       ||    40
       Chain mail        |       |       |       |    42 |   146 |    76 ||   264
       Plate armour      |       |       |       |       |       |    10 ||    10
Dodge: Dodged            |     3 |     4 |    20 |    81 |   205 |   137 ||   450
       Repelled          |       |       |       |     2 |     4 |     8 ||    14
Block: Kite shield       |    17 |    13 |    27 |    97 |       |       ||   154
       Other             |       |       |       |       |    10 |    25 ||    35
       Reflection        |       |       |       |       |     3 |     2 ||     5

Table legend: (Time is in decaauts) A = Elapsed time spent in this place. B = Non-inter-level travel time spent in this place. C = Inter-level travel time spent in this place. D = Time resting spent in this place. E = Time spent auto-exploring this place. F = Levels seen in this place. G = Mean time per level. A B C D E F G +--------+--------+--------+--------+--------+-----+--------+ Total | 13202 | 13202 | 0 | 7783 | 1 | 1 | 13202.0 | Dungeon | 13202 | 13202 | 0 | 7783 | 1 | 1 | 13202.0 | +--------+--------+--------+--------+--------+-----+--------+

Top non-repeatable levels by time:
       D: 13202 daAuts
